 Dungeon Crawl Stone Soup version 0.29.1-12-g30fa7ad0bf (webtiles) character file.

Game seed: 7939497970278259125

565 Sanktem7 the Trooper (level 7, 0/64 HPs)
             Began as a Minotaur Fighter on Dec 16, 2022.
             Slain by a gnoll
             ... wielding a +0 spear
             ... led by a gnoll bouda
              (7 damage)
             ... on level 5 of the Dungeon.
             The game lasted 00:09:10 (3796 turns).

Sanktem7 the Trooper (Minotaur Fighter)             Turns: 3796, Time: 00:09:11

Health: 0/64       AC: 11    Str: 28    XL:     7   Next: 10%
Magic:  2/2        EV:  9    Int:  5    God:
Gold:   188        SH: 11    Dex: 14    Spells: 6/6 levels left

rFire   . . .      SeeInvis .   t - +8 mace of Pandemonium {antimagic, rN+ Will+ Dex+4, mace}
rCold   . . .      Faith    .   c - +1 buckler
rNeg    + . .      Spirit   .   b - +0 scale mail
rPois   .          Reflect  +   (helmet restricted)
rElec   .          Harm     .   (no cloak)
rCorr   .          Rampage  .   (no gloves)
Will    +....                   (no boots)
Stlth   ..........              p - amulet of reflection
HPRegen 0.20/turn               g - +6 ring of strength
MPRegen 0.08/turn               v - +4 ring of protection

@: no status effects
A: horns 2, retaliatory headbutt
a: no special abilities


You were on level 5 of the Dungeon.
You visited 1 branch of the dungeon, and saw 5 of its levels.

You collected 188 gold pieces.


Innate Abilities, Weirdness & Mutations

You have a pair of horns on your head.
You reflexively headbutt those who attack you in melee.


   Skills:
 * Level 6.8 Fighting
 - Level 5.2(5.6) Axes
 * Level 2.9(4.5) Maces & Flails
 + Level 5.3 Armour
 - Level 3.6 Shields


You had 6 spell levels left.
You didn't know any spells.
Your spell library contained the following spells:

 Spells                   Type           Power      Damage    Failure   Level
 Apportation              Tloc           0%         N/A       82%         1
 Necrotise                Necr           0%         1d4       82%         1
 Summon Small Mammal      Summ           0%         N/A       82%         1

Inventory:

Hand Weapons
 a - a +1 vorpal war axe {axe}
 o - a +2 longbow of flaming {bow}
   (You found it on level 3 of the Dungeon)
 t - the +8 mace of Pandemonium (weapon) {antimagic, rN+ Will+ Dex+4, mace}
   (You found it on level 4 of the Dungeon)

   It reduces the magical energy of the wielder, and disrupts the spells and
   magical abilities of those it strikes.
   Natural abilities and divine invocations are not affected.
   Dex:       It affects your dexterity (+4).
   rN:        It protects you from negative energy.
   Will:      It increases your willpower.
Missiles
 j - 52 stones (quivered) {throwing}
Armour
 b - a +0 scale mail (worn)
 c - a +1 buckler (worn)
Jewellery
 g - a +6 ring of strength (left hand)
   (You found it on level 1 of the Dungeon)
 p - an amulet of reflection (around neck)
   (You found it on level 1 of the Dungeon)
 v - a +4 ring of protection (right hand)
   (You found it on level 4 of the Dungeon)
Wands
 f - a wand of roots (26)
   (You found it on level 3 of the Dungeon)
Scrolls
 l - 4 scrolls of teleportation {@r4}
 n - 2 scrolls of fear
 s - a scroll of vulnerability {unknown}
Potions
 d - 3 potions of might
 e - 2 potions of invisibility {unknown}
 h - a potion of attraction {unknown}
 i - 4 potions of lignification {!q}
 k - 2 potions of curing {unknown}
 m - 2 potions of magic {unknown}
 q - a potion of heal wounds {unknown}
 r - 2 potions of brilliance
 u - 2 potions of mutation {unknown}
 w - a potion of flight {unknown}
 x - a potion of cancellation {unknown}

Dungeon Overview and Level Annotations

Branches:
Dungeon (5/15) Zot: 26101
 Temple: D:4-7

Altars:
Dithmenos
Elyvilon
Fedhas
Kikubaaqudgha
Makhleb
Wu Jian
Zin
The Shining One

Shops:
D:4

(*: #........... ...
#......###'# ...
#......#.... ....
#......#.... .....
#......#....
.....########......#....
.....>.............#....
......g............#....
......)@.....#######....
......)......# ##..##'
......g......# ##..##≈.
.............# ##..##≈§.
.....######### #..##≈≈..
..... #..##≈... ....
#.##8_.._ .... #.######8
#.# #.###


You could see 2 gnolls.


Message History

You hit the gnoll.
The ufetubus hits you but does no damage. x2
The gnoll bouda barks out a call to the hunt!
The gnolls pick up the pace!
You block the gnoll's attack. The ufetubus barely misses you.
The ufetubus closely misses you.
You barely miss the gnoll. You headbutt the gnoll!
The ufetubus hits you but does no damage. x2
The gnoll hits you with a +0 flail.
The ufetubus hits you but does no damage.
The ufetubus closely misses you.
You barely miss the gnoll. Your headbutt misses the gnoll.
You block the ufetubus's attack. The ufetubus closely misses you.
You block the gnoll's attack. You block the gnoll bouda's attack.
The gnoll hits you but does no damage. The ufetubus misses you.
The ufetubus barely misses you. 😕 HP[-1]
You take 1 damage, and now have 57/58 hp.
You sock the gnoll!
You kill the gnoll!
The gnoll bouda barely misses you. The gnoll hits you with a +0 whip.
You block the ufetubus's attack. x2; The gnoll hits you but does no damage.
You block the gnoll bouda's attack.
The gnoll hits you with a +0 whip. 😕 HP[-1]
You take 1 damage, and now have 56/58 hp.
You hit the iguana. You block the ufetubus's attack.
The ufetubus hits you but does no damage.
You block the gnoll's attack. The ufetubus hits you.
The ufetubus barely misses you. You block the iguana's attack.
The gnoll bouda closely misses you. You furiously retaliate!
You headbutt the gnoll bouda, but do no damage.
The gnoll hits you but does no damage.
You hit the iguana. Your headbutt misses the iguana.
You block the ufetubus's attack.
The ufetubus hits you but does no damage.
The gnoll hits you from afar with a +0 spear.
You block the gnoll bouda's attack. The iguana bites you!
The gnoll hits you with a +0 whip! The ufetubus barely misses you.
The ufetubus hits you but does no damage.
The gnoll closely misses you. 😮 HP[-21]
You take 21 damage, and now have 35/58 hp.
MASSIVE DAMAGE!! (PAUSE)
You thump the iguana!
You kill the iguana!
The ufetubus hits you but does no damage.
The ufetubus hits you.
The gnoll bouda hits you with a +0 club!
* * * LOW HITPOINT WARNING * * *
The gnoll hits you but does no damage. The gnoll closely misses you.
You block the ufetubus's attack. The ufetubus barely misses you.
You have reached level 7! 😨 HP[-9] MP[+1]
You now have 64 max hp (+6).
You take 9 damage, and now have 26/64 hp.
Your mp is fully restored (2).
You closely miss the gnoll bouda.
The ufetubus hits you but does no damage.
You block the ufetubus's attack. The gnoll bouda closely misses you.
The gnoll barely misses you. You block the gnoll's attack.
The ufetubus barely misses you. The ufetubus closely misses you.
The gnoll bouda hits you with a +0 club!
* * * LOW HITPOINT WARNING * * *
😨 HP[-9]
You take 9 damage, and now have 17/64 hp.
You thump the gnoll bouda! You headbutt the gnoll bouda!
You kill the gnoll bouda!
The gnoll hits you but does no damage. The ufetubus barely misses you.
You block the ufetubus's attack. You block the gnoll's attack. x2
You hit the ufetubus.
The ufetubus hits you but does no damage.
You block the ufetubus's attack.
The gnoll hits you from afar with a +0 spear.
* * * LOW HITPOINT WARNING * * *
The ufetubus closely misses you. The ufetubus barely misses you.
You block the gnoll's attack. 😱 HP[-2]
You take 2 damage, and now have 15/64 hp.
You sock the ufetubus!
You kill the ufetubus!
The gnoll is no longer moving quickly.
The gnoll hits you from afar with a +0 spear!
* * * LOW HITPOINT WARNING * * *
The gnoll hits you with a +0 whip.
* * * LOW HITPOINT WARNING * * *
The gnoll throws a throwing net.
The throwing net hits you.
You become entangled in the net! 😱 HP[-7]
You take 7 damage, and now have 8/64 hp.
You tear a large gash into the net.
The gnoll is no longer moving quickly.
The gnoll hits you but does no damage.
The gnoll hits you from afar with a +0 spear.
* * * LOW HITPOINT WARNING * * *
😱 HP[-1]
You take 1 damage, and now have 7/64 hp.
You shred the net and break free! You block the gnoll's attack.
The gnoll hits you but does no damage.
You hit the gnoll but do no damage. The gnoll hits you but does no damage.
The gnoll hits you from afar with a +0 spear!
You die...

Skill      XL: |  1  2  3  4  5  6 |
---------------+-------------------+-----
Fighting       | 4 5 6 |  6.8
Axes           | 3 4 5 |  5.2
Armour         | 4 5 |  5.3
Maces & Flails | 2 |  2.9
Shields        | |  3.6

Action                   |  1- 3 |  4- 6 |  7- 9 || total
-------------------------+-------+-------+-------++-------
Melee: War axe           |    57 |   100 |       ||   157
       Headbutt          |     6 |    16 |     1 ||    23
       Mace              |       |    33 |     5 ||    38
  Use: Scroll            |       |     9 |       ||     9
Armor: Scale mail        |    22 |    58 |     6 ||    86
Dodge: Dodged            |    18 |    55 |     7 ||    80
Block: Buckler           |    20 |    79 |     8 ||   107

Levels and vault maps discovered:
D:1:      nicolae_arrival_washed_ashore, layout_basic,
          shapermc_ecumenical_altar_mp_highgroup
D:2:      layout_loops_ring, chequers_arboretum
D:3:      layout_loops_corners, good_gods_mini_temple,
          nicolae_dithmenos_through_a_glass_darkly, kiku_gazebo_pond_becter,
          lightli_sewer_entry_pipes, uniq_natasha
D:4:      layout_basic, serial_shops, shop, nicolae_stop_n_shop_1,
          nicolae_take_the_stairs, grunt_decor_cap, minmay_misc_feat_iff
D:5:      layout_gridville, gammafunk_temple_overflow_claw,
          dilly_guarded_unrand_morg

Notes
Turn   | Place    | Note
-------+----------+-------------------------------------------
     0 | D:1      | Sanktem7 the Minotaur Fighter began the quest for the Orb.
     0 | D:1      | Reached XP level 1. HP: 19/19 MP: 0/0
     0 | D:1      | magus.rc [v1.9.6]
   406 | D:1      | Reached XP level 2. HP: 22/27 MP: 1/1
   468 | D:1      | Reached skill level 4 in Fighting
   474 | D:1      | Reached skill level 3 in Axes
   497 | D:1      | Found a faded altar of an unknown god.
   914 | D:2      | Reached XP level 3. HP: 33/33 MP: 2/2
   927 | D:2      | Reached skill level 4 in Armour
  1277 | D:2      | You pick up a book of Cantrips and begin reading...
  1277 | D:2      | You add the spells Necrotise, Summon Small Mammal and
                  | Apportation to your library.
  1439 | D:2      | Reached XP level 4. HP: 41/41 MP: 3/3
  1786 | D:3      | Found a shadowy altar of Dithmenos.
  1789 | D:3      | Noticed Natasha
  1795 | D:3      | Killed Natasha
  1796 | D:3      | Reached skill level 5 in Fighting
  1796 | D:3      | Reached skill level 4 in Axes
  1947 | D:3      | Noticed a scorpion
  1958 | D:3      | Killed a scorpion
  1959 | D:3      | Reached XP level 5. HP: 48/48 MP: 4/4
  2041 | D:3      | Noticed Natasha
  2044 | D:3      | Killed Natasha
  2086 | D:3      | Found an ancient bone altar of Kikubaaqudgha.
  2362 | D:3      | Reached skill level 5 in Axes
  2402 | D:3      | Reached XP level 6. HP: 57/57 MP: 5/5
  2424 | D:3      | Reached skill level 6 in Fighting
  2784 | D:3      | Found a glowing golden altar of the Shining One.
  2784 | D:3      | Found a glowing silver altar of Zin.
  2785 | D:3      | Found a white marble altar of Elyvilon.
  2958 | D:4      | Found Coguwonumm's Antique Weapon Shop.
  2994 | D:4      | Found Faocewau's Assorted Antiques.
  3089 | D:4      | Identified the +8 mace of Pandemonium {antimagic, rN+ Will+
                  | Dex+4}
  3109 | D:4      | Reached skill level 1 in Maces & Flails
  3109 | D:4      | Reached skill level 5 in Armour
  3265 | D:4      | Found Penuylue's Book Emporium.
  3398 | D:4      | Reached skill level 2 in Maces & Flails
  3683 | D:5      | Entered Level 5 of the Dungeon
  3704 | D:5      | Found an ornate altar of the Wu Jian Council.
  3704 | D:5      | Found a blossoming altar of Fedhas.
  3753 | D:5      | Found a burning altar of Makhleb.
  3790 | D:5      | Reached XP level 7. HP: 26/64 MP: 2/6
  3792 | D:5      | HP: 15/64 [gnoll/+0 spear[a gnoll bouda] (2)]
  3794 | D:5      | HP: 7/64 [gnoll/+0 spear[a gnoll bouda] (1)]
  3796 | D:5      | Slain by a gnoll

Vanquished Creatures
  A phantom (D:4)
  2 scorpions
  A hound (D:5)
  A gnoll bouda (D:5)
  An iguana (D:5)
  Natasha (twice) (D:3)
  13 adders
  A gnoll (D:5)
  2 river rats (D:3)
  2 ufetubi
  5 worms (D:3)
  3 dart slugs
  An orc (D:4)
  4 ball pythons
  5 endoplasms
  2 giant cockroaches
  9 goblins
  6 hobgoblins
  3 jackals (D:4)
  3 quokkas
  2 bats
  A frilled lizard (D:3)
  5 kobolds
  4 rats
79 creatures vanquished.

Table legend:
 A = Non-vault XP
 B = Vault XP
 C = Vault XP percentage of total XP
 D = Non-vault monster count
 E = Vault monster count
 F = Vault count percentage of total count
                 A         B        C        D         E       F
            +---------+---------+-------+---------+---------+-------
      Total |     680 |     128 |  15.8 |      66 |      13 |  16.5
            +---------+---------+-------+---------+---------+-------
        D:1 |      26 |       0 |   0.0 |      12 |       0 |   0.0
        D:2 |      80 |       0 |   0.0 |      19 |       0 |   0.0
        D:3 |     188 |     128 |  40.5 |      13 |      13 |  50.0
        D:4 |     242 |       0 |   0.0 |      17 |       0 |   0.0
        D:5 |     144 |       0 |   0.0 |       5 |       0 |   0.0
            +---------+---------+-------+---------+---------+-------

Illustrated notes

Table legend:
 A = Kills in this place as a percentage of kills in entire the game.
 B = Kills by you in this place as a percentage of kills by you in the entire game.
 C = Kills by friends in this place as a percentage of kills by friends in the entire game.
 D = Other kills in this place as a percentage of other kills in the entire game.
 E = Experience gained in this place as a percentage of experience gained in the entire game.
 F = Experience gained in this place divided by the number of levels of this place that you have seen.
                   A       B       C       D       E      F
               +-------+-------+-------+-------+-------+----------------------
         Total | 100.0 | 100.0 |   N/A |   N/A | 100.0 | 161.6
       Dungeon | 100.0 | 100.0 |   N/A |   N/A | 100.0 | 161.6
               +-------+-------+-------+-------+-------+----------------------

Table legend: (Time is in decaauts)
 A = Elapsed time spent in this place.
 B = Non-inter-level travel time spent in this place.
 C = Inter-level travel time spent in this place.
 D = Time resting spent in this place.
 E = Time spent auto-exploring this place.
 F = Levels seen in this place.
 G = Mean time per level.
                   A        B        C        D        E       F      G
               +--------+--------+--------+--------+--------+-----+--------+
         Total |   3897 |   3723 |    174 |      0 |   2904 |   5 |  779.4 |
       Dungeon |   3897 |   3723 |    174 |      0 |   2904 |   5 |  779.4 |
               +--------+--------+--------+--------+--------+-----+--------+

Top non-repeatable levels by time:
     D:3: 1237 daAuts
     D:1: 914 daAuts
     D:2: 896 daAuts
     D:4: 732 daAuts
     D:5: 116 daAuts
